 Dungeon Crawl Stone Soup version 0.28.0 (webtiles) character file.

Game seed: 7427084657311730402

34297 catcat the Fencer (level 13, -15/124 HPs)
             Began as a Hill Orc Fighter on Feb 14, 2022.
             Was a Follower of Uskayaw.
             Succumbed to Sonja's poison
             ... on level 5 of the Lair of Beasts on Feb 18, 2022.
             The game lasted 00:51:28 (21993 turns).

catcat the Fencer (Hill Orc Fighter)               Turns: 21993, Time: 00:51:29

Health: -15/124    AC: 24    Str: 23    XL:     13   Next: 76%
Magic:  22/22      EV: 14    Int:  8    God:    Uskayaw [*.....]
Gold:   969        SH:  5    Dex: 16    Spells: 12/12 levels left

rFire   . . .      SeeInvis .   T - +5 long sword (freeze)
rCold   . . .      Faith    .   c - +0 buckler
rNeg    + . .      Spirit   .   B - +8 ring mail of Shadows and Fog {Str+3}
rPois   .          Reflect  .   m - +2 helmet of Jigsaw {rN+ Dex+2}
rElec   .          Harm     .   N - +1 cloak
rCorr   +          Rampage  .   U - +0 pair of gloves
Will    +....                   D - +2 pair of boots
Stlth   +.........              (no amulet)
HPRegen 0.30/turn               L - ring of willpower
MPRegen 0.18/turn               F - ring of resist corrosion

@: lethally poisoned (-15 -> -94)
A: no striking features
a: Renounce Religion, Stomp


You were on level 5 of the Lair of Beasts.
You worshipped Uskayaw.
Uskayaw was pleased with you.
You visited 3 branches of the dungeon, and saw 17 of its levels.
You also visited: Sewer.

You collected 969 gold pieces.

Inventory:

Hand Weapons
 n - a +2 dagger of venom
 I - a +1 great sword
 T - a +5 long sword of freezing (weapon)
Missiles
 o - 4 silver boomerangs (quivered)
Armour
 b - a +0 tower shield
 c - a +0 buckler (worn)
 m - the +2 helmet of Jigsaw (worn) {rN+ Dex+2}
   (You took it off Robin on level 2 of the Dungeon)

   Dex:       It affects your dexterity (+2).
   rN:        It protects you from negative energy.
 B - the +8 ring mail of Shadows and Fog (worn) {Str+3}
   (You took it off Edmund on level 4 of the Dungeon)

   Str:       It affects your strength (+3).
 D - a +2 pair of boots (worn)
 K - +0 acid dragon scales
 N - a +1 cloak (worn)
 O - a +1 plate armour of cold resistance
 U - a +0 pair of gloves (worn)
Jewellery
 F - a ring of resist corrosion (right hand)
 L - a ring of willpower (left hand)
Wands
 k - a wand of digging (7)
 A - a wand of iceblast (18)
 E - a wand of mindburst (27)
 H - a wand of flame (9)
 J - a wand of acid (4)
 M - a wand of charming (8)
Scrolls
 f - 3 scrolls of enchant armour
 g - a scroll of magic mapping
 h - 3 scrolls of immolation
 l - 2 scrolls of silence
 s - 2 scrolls of enchant weapon
 v - 3 scrolls of fear
 x - 4 scrolls of vulnerability
 y - a scroll of holy word {unknown}
 C - 4 scrolls of teleportation
 Q - 2 scrolls of fog
 S - a scroll of brand weapon {unknown}
Potions
 a - 3 potions of lignification
 d - a potion of might
 e - 4 potions of magic
 j - 3 potions of haste
 p - 3 potions of heal wounds
 q - a potion of invisibility
 r - 2 potions of mutation
 t - a potion of cancellation
 u - 2 potions of degeneration
 w - 6 potions of attraction
 z - 9 potions of curing
 G - 6 potions of flight
 P - a potion of brilliance {unknown}
 R - a potion of berserk rage {unknown}
 V - a potion of ambrosia {unknown}
 W - a potion of resistance {unknown}


   Skills:
 - Level 14.0 Fighting
 - Level 16.0 Long Blades
 - Level 6.1 Armour
 - Level 7.0 Dodging
 + Level 4.8 Shields
 - Level 13.0 Invocations


You had 12 spell levels left.
You didn't know any spells.
Your spell library contained the following spells:

 Spells                   Type           Power      Damage    Failure   Level
 Animate Skeleton         Necr           0%         N/A       65%         1
 Apportation              Tloc           0%         N/A       65%         1
 Pain                     Necr           0%         1d4       65%         1
 Summon Small Mammal      Summ           0%         N/A       65%         1
 Corpse Rot               Necr/Air       0%         N/A       78%         2
 Poisonous Vapours        Pois/Air       0%         N/A       78%         2
 Conjure Flame            Conj/Fire      0%         6-21      95%         3
 Ignite Poison            Fire/Tmut/Pois 0%         N/A       95%         3
 Inner Flame              Hex/Fire       0%         N/A       95%         3
 Vampiric Draining        Necr           0%         2d6       95%         3
 Cause Fear               Hex            0%         N/A       100%        4
 Sticky Flame             Conj/Fire      0%         2d3       100%        4
 Freezing Cloud           Conj/Ice/Air   0%         6-21      100%        5
 Summon Forest            Summ/Tloc      0%         N/A       100%        5
 Eringya's Noxious Bog    Tmut/Pois      0%         N/A       100%        6
 Simulacrum               Ice/Necr       0%         N/A       100%        6
 Summon Hydra             Summ           0%         N/A       100%        7
 Discord                  Hex            0%         N/A       100%        8
 Polar Vortex             Ice            0%         N/A       100%        9


Dungeon Overview and Level Annotations

Branches:
Dungeon (11/15)            Temple (1/1) D:6            Lair (5/6) D:11
  Swamp (0/4) Lair:3        Snake (0/4) Lair:2          Orc (0/2) D:9
  Sewer (visited)
  Slime: Lair:5-6

Altars:
Ashenzari
Cheibriados
Dithmenos
Elyvilon
Fedhas
Gozag
Hepliaklqana
Kikubaaqudgha
Makhleb
Nemelex Xobeh
Okawaru
Qazlal
Ru
Sif Muna
Trog
Uskayaw
Vehumet
Wu Jian
Xom
Yredelemnul
Zin
The Shining One

Shops:
D:5 (?(:   D:11 =(?*

Annotations:
D:2 1 runed translucent door, Crazy Yiuf
Lair:5 Sonja


Message History

Sonja casts a spell.
Sonja blinks!
You completely miss Sonja.
Sonja is lightly wounded.
You feel extremely sick. You block Sonja's attack.
Sonja hits you but does no damage.
You are lethally poisoned!
Sonja hits you but does no damage.
You slash Sonja! You freeze Sonja.
Sonja is heavily wounded.
* * * LOW HITPOINT WARNING * * *
You feel extremely sick.
Sonja hits you with a +2 short sword of venom!
* * * LOW HITPOINT WARNING * * *
You are more poisoned.
Sonja hits you but does no damage.
You are more poisoned.
Sonja hits you with a +2 short sword of venom.
* * * LOW HITPOINT WARNING * * *
You are more poisoned.
Sonja closely misses you. Sonja hits you but does no damage.
You are more poisoned.
Sonja barely misses you.
You feel much better.
* * * LOW HITPOINT WARNING * * *
You feel extremely sick. You block Sonja's attack. Sonja closely misses you.
Sonja hits you with a +2 short sword of venom.
* * * LOW HITPOINT WARNING * * *
You are more poisoned.
You block Sonja's attack. Sonja barely misses you.
Sonja hits you with a +2 short sword of venom.
* * * LOW HITPOINT WARNING * * *
You are more poisoned.
Unknown command.
Blink to where?
Press: ? - help, Dir - move target
As you read the scroll of blinking, it crumbles to dust.
You feel yourself speed up.
You die...

.. #.#.###..#
#.#......ยง.##
#.....P.#K..#
##.........### ....
##..........# #
#....P#######....## ##
..#.....#.####.#...##
...........#...#P......#
................@.....##
.....................##
......................#
.....................P#
..............#..#....#
. . ##.....P######...##
#.. #......#.#..##...# .
#...........#....##
#......#.P...#...#


You could see Sonja.

Vanquished Creatures
  Gastronok (D:9)
  5 hydras
  2 catoblepae
  2 boulder beetles
  4 two-headed ogres
  Nergalle (D:10)
  3 skeletal warriors (D:10)
  A bog body (Lair:3)
  Pikel (D:8)
  4 elephants (Lair:4)
  Joseph (D:8)
  7 black mambas
  Maurice (D:8)
  10 cane toads
  3 komodo dragons
  A troll (D:11)
  2 polar bears
  6 blink frogs
  Sigmund (D:5)
  14 yaks
  A steam dragon (D:8)
  2 basilisks
  Edmund (D:4)
  6 nagas (Lair:2)
  Menkaure (D:4)
  3 acid dragons
  2 swamp worms (Lair:3)
  10 water moccasins
  2 orc warriors (D:9)
  A sky beast (D:6)
  6 black bears
  8 necrophages
  10 wolves
  An ogre (D:7)
  2 centaurs
  A kobold brigand (D:7)
  Blork the orc (D:5)
  3 gnoll sergeants
  2 wyvern zombies
  10 bullfrogs
  7 scorpions
  10 killer bees
  A water moccasin skeleton (D:5)
  7 wights
  3 howler monkeys (D:7)
  A vampire bat (D:11)
  An electric eel (Lair:3)
  7 centaur zombies
  5 hounds
  6 orc priests
  4 jellies
  5 iguanas
  6 orc wizards
  Natasha (thrice) (D:3)
  2 hell rats (Lair:1)
  A killer bee zombie (D:7)
  2 hound skeletons (D:4)
  Robin (D:2)
  15 gnolls
  13 adders
  6 river rats
  12 white imps (D:11)
  An ufetubus (D:4)
  An adder skeleton (D:4)
  5 worms
  2 dart slugs
  25 orcs
  6 ball pythons
  15 endoplasms
  4 giant cockroaches
  9 hobgoblins
  6 jackals
  2 quokkas
  10 bats
  5 frilled lizards (Sewer)
  10 goblins
  11 kobolds
  23 rats
396 creatures vanquished.

Vanquished Creatures (others)
  A human (D:3)
  36 fungi
  38 plants
75 creatures vanquished.

Grand Total: 471 creatures vanquished

Notes
Turn   | Place    | Note
-------+----------+-------------------------------------------
     0 | D:1      | catcat the Hill Orc Fighter began the quest for the Orb.
     0 | D:1      | Reached XP level 1. HP: 19/19 MP: 1/1
   187 | D:1      | Reached XP level 2. HP: 19/26 MP: 2/2
   284 | D:1      | Reached skill level 3 in Long Blades
   704 | D:1      | Found a radiant altar of Vehumet.
   909 | D:2      | Found a sacrificial altar of Ru.
   925 | D:2      | Reached XP level 3. HP: 31/31 MP: 3/3
  1113 | D:2      | Identified the +2 helmet of Jigsaw {rN+ Dex+2}
  1113 | D:2      | Noticed Robin
  1116 | D:2      | Reached skill level 4 in Long Blades
  1132 | D:2      | Killed Robin
  1180 | D:2      | Reached XP level 4. HP: 19/39 MP: 4/4
  1584 | D:2      | Found a faded altar of an unknown god.
  1897 | D:2      | Found a runed translucent door.
  1898 | D:2      | Noticed Crazy Yiuf
  2225 | D:2      | Reached skill level 5 in Long Blades
  2328 | D:3      | Found a shadowy altar of Dithmenos.
  2401 | D:3      | Reached skill level 1 in Dodging
  2424 | D:3      | Reached XP level 5. HP: 44/46 MP: 5/5
  2449 | D:3      | Found a glowing drain.
  2453 | Sewer    | Entered a sewer
  2912 | Sewer    | Found a viscous altar of Jiyva.
  3031 | Sewer    | Reached XP level 6. HP: 41/52 MP: 6/6
  3129 | Sewer    | Reached skill level 6 in Long Blades
  3238 | D:3      | Noticed Natasha
  3246 | D:3      | Killed Natasha
  3317 | D:3      | Found an iron altar of Okawaru.
  3398 | D:3      | Noticed Natasha
  3433 | D:3      | Killed Natasha
  3722 | D:3      | Found an ancient bone altar of Kikubaaqudgha.
  3725 | D:3      | Noticed a human
  3727 | D:3      | Killed a human
  4247 | D:3      | Noticed Natasha
  4261 | D:3      | Killed Natasha
  4262 | D:3      | Reached skill level 7 in Long Blades
  4508 | D:4      | Noticed Edmund
  4528 | D:3      | Reached XP level 7. HP: 45/60 MP: 7/7
  4625 | D:4      | Noticed Menkaure
  4636 | D:4      | Killed Menkaure
  4637 | D:4      | Reached skill level 5 in Fighting
  5709 | D:4      | Reached skill level 8 in Long Blades
  5818 | D:4      | Identified the +8 ring mail of Shadows and Fog {Str+3}
  5883 | D:4      | Killed Edmund
  5884 | D:4      | Reached XP level 8. HP: 16/70 MP: 8/8
  6269 | D:5      | Entered Level 5 of the Dungeon
  6269 | D:5      | Noticed Blork the orc
  6284 | D:5      | Killed Blork the orc
  6292 | D:5      | Reached skill level 9 in Long Blades
  6449 | D:5      | Found Ygohodwi's Antique Weapon Emporium.
  6612 | D:5      | Found Kiown's Magic Scroll Emporium.
  6789 | D:5      | Found Vouckomm's Weapon Boutique.
  6874 | D:5      | Found Heruwec's Book Boutique.
  6940 | D:5      | Noticed Sigmund
  6946 | D:5      | Killed Sigmund
  7361 | D:6      | Reached skill level 10 in Long Blades
  7369 | D:6      | Reached XP level 9. HP: 69/79 MP: 9/9
  7442 | D:6      | Found an opulent altar of Gozag.
  7527 | D:6      | Reached skill level 11 in Long Blades
  7907 | D:6      | Found a staircase to the Ecumenical Temple.
  7919 | Temple   | Entered the Ecumenical Temple
  7963 | Temple   | Became a worshipper of Uskayaw the Reveller
  8020 | D:6      | Reached * piety under Uskayaw
  8028 | D:6      | Reached ** piety under Uskayaw
  8034 | D:6      | Reached *** piety under Uskayaw
  8054 | D:6      | Reached **** piety under Uskayaw
  8491 | D:6      | Found a stormy altar of Qazlal.
  8978 | D:7      | Found an ornate altar of the Wu Jian Council.
  8987 | D:7      | Reached skill level 5 in Invocations
  9161 | D:7      | Reached ***** piety under Uskayaw
  9274 | D:7      | Reached XP level 10. HP: 88/88 MP: 13/13
 10019 | D:8      | Found a sacrificial altar of Ru.
 10216 | D:8      | Noticed Pikel
 10239 | D:8      | Killed Pikel
 10240 | D:8      | Reached skill level 12 in Long Blades
 10793 | D:8      | Noticed Joseph
 10804 | D:8      | Noticed Maurice
 10818 | D:8      | Killed Joseph
 10824 | D:8      | Killed Maurice
 11144 | D:9      | Noticed Gastronok
 11150 | D:9      | Found a staircase to the Orcish Mines.
 11450 | D:9      | Killed Gastronok
 11451 | D:9      | Reached skill level 10 in Fighting
 11672 | D:9      | Noticed a boulder beetle
 11742 | D:9      | Killed a boulder beetle
 11743 | D:9      | Reached XP level 11. HP: 10/102 MP: 17/17
 12354 | D:9      | Reached skill level 13 in Long Blades
 12590 | D:9      | Noticed a moth of wrath
 12593 | D:9      | Found a bloodstained altar of Trog.
 12784 | D:10     | Entered Level 10 of the Dungeon
 13041 | D:10     | Noticed a two-headed ogre
 13049 | D:10     | Killed a two-headed ogre
 13062 | D:10     | Found a broken altar of Ashenzari.
 13064 | D:10     | Noticed Nergalle
 13078 | D:10     | Killed Nergalle
 13179 | D:10     | Reached skill level 14 in Long Blades
 13237 | D:10     | Found a white marble altar of Elyvilon.
 13452 | D:10     | Noticed a two-headed ogre
 13466 | D:10     | Killed a two-headed ogre
 13729 | D:10     | Found a sparkling altar of Nemelex Xobeh.
 13903 | D:10     | Found a hazy altar of Hepliaklqana.
 14052 | D:11     | Reached skill level 10 in Invocations
 14069 | D:11     | Noticed a skeletal warrior
 14135 | D:10     | Killed a skeletal warrior
 14136 | D:10     | Reached skill level 5 in Armour
 14577 | D:11     | Noticed a skeletal warrior
 14579 | D:11     | Noticed a skeletal warrior
 14614 | D:10     | Killed a skeletal warrior
 14720 | D:10     | Killed a skeletal warrior
 14721 | D:10     | Reached XP level 12. HP: 46/110 MP: 20/20
 14970 | D:11     | Found a staircase to the Lair.
 15128 | D:11     | Noticed a two-headed ogre
 15141 | D:11     | Killed a two-headed ogre
 15565 | D:11     | Found Xuippobb's Assorted Antiques.
 15568 | D:11     | Found Inuplen's Antique Weapon Boutique.
 15569 | D:11     | Found Bosom's Magic Scroll Boutique.
 15574 | D:11     | Found Joneebla's Jewellery Boutique.
 15579 | D:11     | Noticed a two-headed ogre
 15584 | D:11     | Killed a two-headed ogre
 15747 | Lair:1   | Entered Level 1 of the Lair of Beasts
 15761 | Lair:1   | Reached skill level 5 in Dodging
 15773 | Lair:1   | Identified the +5 hand axe of the Rat {venom, rN+}
 16099 | Lair:1   | Noticed a seven-headed hydra
 16134 | Lair:1   | Killed a seven-headed hydra
 16791 | Lair:2   | Reached skill level 15 in Long Blades
 16807 | Lair:2   | Noticed a seven-headed hydra
 16982 | Lair:2   | Killed an eight-headed hydra
 17276 | Lair:2   | Found a staircase to the Snake Pit.
 17438 | Lair:2   | Noticed a boulder beetle
 17464 | Lair:2   | Killed a boulder beetle
 17884 | Lair:2   | Noticed a five-headed hydra
 17903 | Lair:2   | Killed a five-headed hydra
 17904 | Lair:2   | Reached XP level 13. HP: 54/122 MP: 22/22
 19266 | Lair:3   | Reached skill level 16 in Long Blades
 19515 | Lair:3   | HP: 6/122 [eight-headed hydra (11)]
 20276 | Lair:3   | Found a staircase to the Swamp.
 21978 | Lair:5   | Noticed Sonja
 21993 | Lair:5   | Succumbed to Sonja's poison

Illustrated notes

Levels and vault maps discovered:
D:1:      sevenhm_arrival_forest_fort_small_6, layout_loops_ring,
          chequers_arboretum
D:2:      minmay_evil_eye, layout_basic, ebering_ecumenical_altar_abandoned,
          basic_altar, solitary_fountain, hangedman_glass_teeth,
          minmay_tree_intersection, uniq_robin, uniq_crazy_yiuf_cottage
D:3:      layout_loops_ring, lemuel_doored_altar, tgw_kikubaaqudgha,
          okawaru_metal_pillars_1_2, gup_sewer_entry_bowl, uniq_natasha
D:4:      layout_gridville, amcnicky_mini_rare_corridor_liquid,
          serial_park_tiny_1, minmay_quadrilaterals, uniq_menkaure, uniq_edmund
D:5:      layout_basic, serial_shops, nicolae_shop_trees, nicolae_diamond_shop,
          nicolae_shop_temple_entry_statues_fountains, shop, uniq_blork_the_orc,
          uniq_sigmund
D:6:      layout_rooms, grunt_gozag_breadcrumbs, grunt_qazlal_clouds,
          minmay_temple_entry_wispy
D:7:      layout_loops_cross, mainiacjoe_overflow_tiny_flanked
D:8:      layout_basic, mainiacjoe_overflow_alcove_4, minivault_1, uniq_pikel,
          uniq_maurice, uniq_joseph
D:9:      layout_loops_ring, tgw_trog, david_orc_3, statue_in_the_mist_lemuel,
          nrook_uturn, uniq_gastronok
D:10:     layout_roguey, nzn_hepliaklqana_mist_gate, elyvilon_altar_1,
          ashenzari_altar_1, mainiacjoe_overflow_alcove_1,
          chequers_decorated_corner, uniq_nergalle
D:11:     layout_roguey, due_lair_maze_entry_diamond,
          portal_ice_cave_entry_imps, roderic_batcave, minmay_shop_grid_forest
Temple:   cyrus_temple_forest
Lair:1:   layout_chaotic_city, kennysheep_abandoned_house,
          infiniplex_staircase_pool_2
Lair:2:   layout_gridlike, minmay_snake_entry_guardpost_medium,
          chequers_serial_rivers_small_3
Lair:3:   layout_misc_corridors, nicolae_swamp_entry_splash_gauntlet,
          chequers_serial_rivers_small_b, nicolae_lair_grove_arrangements,
          grunt_megastairs_3, lemuel_fruit_tree
Lair:4:   layout_roguey, chequers_serial_rivers_marsh, beast_lair_carwin_11
Lair:5:   layout_regular_city, minmay_hedge_maze,
          cheibrodos_lair_caveside_slide, roderic_carrion_pond,
          grunt_megastairs_2, uniq_sonja

Skill      XL: |  1  2  3  4  5  6  7  8  9 10 11 12 13 |
---------------+----------------------------------------+-----
Long Blades    | 3 4 5 7 8 10 11 12 14 15 16 | 16.0
Fighting       | 4 6 7 8 11 13 14 | 14.0
Dodging        | 1 2 3 4 6 7 |  7.0
Armour         | 4 6 |  6.1
Shields        | 4 |  4.8
Invocations    | 5 8 11 12 13 | 13.0

Action                   |  1- 3 |  4- 6 |  7- 9 | 10-12 | 13-15 || total
-------------------------+-------+-------+-------+-------+-------++-------
Melee: Long sword        |    78 |   221 |   384 |   610 |   264 ||  1557
       Dagger            |       |       |    12 |    64 |    44 ||   120
Invok: Stomp             |       |       |     6 |     9 |     2 ||    17
  Use: Scroll            |       |     7 |    11 |     6 |     3 ||    27
       Potion            |       |       |       |     2 |     1 ||     3
 Stab: Paralysed         |       |       |     6 |    28 |    19 ||    53
       Petrified         |       |       |       |       |     5 ||     5
Armor: Scale mail        |    45 |    90 |    26 |       |       ||   161
       Ring mail         |       |       |   169 |   326 |   208 ||   703
Dodge: Dodged            |    37 |   109 |   183 |   381 |   173 ||   883
Block: Buckler           |    23 |    43 |   106 |   173 |    74 ||   419
